 Dungeon Crawl Stone Soup version 0.25-b1-41-g19641232cd (webtiles) character file.

Game seed: 2019230037960432704

266 grindst0ne the Chopper (level 6, -2/49 HPs)
             Began as a Human Chaos Knight on June 8, 2020.
             Was a Plaything of Xom.
             Slain by a worker ant (5 damage)
             ... on level 3 of the Dungeon.
             The game lasted 00:07:15 (4707 turns).

grindst0ne the Chopper (Human Chaos Knight)         Turns: 4707, Time: 00:07:16

Health: -2/49      AC:  6    Str: 14 (15) XL:     6   Next: 44%
Magic:  15/15      EV: 11    Int: 12      God:    Xom [..*...]
Gold:   84         SH:  0    Dex: 12      Spells: 5/5 levels left

rFire    . . .     SeeInvis .   a - +0 hand axe (chaos)
rCold    + . .     Gourm    .   (no shield)
rNeg     . . .     Faith    .   b - +2 leather armour
rPois    .         Spirit   .   (no helmet)
rElec    .         Reflect  .   (no cloak)
rCorr    .         Harm     .   d - +0 pair of gloves
MR       .....                  (no boots)
Stlth    +++.......             (no amulet)
HPRegen  0.16/turn              g - ring of magical power
MPRegen  0.14/turn              (no ring)

@: no status effects
A: camouflage 1, cold resistance 1, no potion heal 1, MP-powered wands
a: Renounce Religion


You were on level 3 of the Dungeon.
You worshipped Xom.
You were a toy of Xom.
You were not hungry.

You visited 1 branch of the dungeon, and saw 4 of its levels.

You collected 84 gold pieces.

Inventory:

Hand Weapons
 a - a +0 hand axe of chaos (weapon)
Missiles
 o - 6 atropa-tipped darts (quivered)
Armour
 b - a +2 leather armour (worn)
 d - a +0 pair of gloves (worn)
 i - a +0 scale mail
 s - a +0 kite shield
Jewellery
 g - a ring of magical power (left hand)
Wands
 f - a wand of random effects (17)
 h - a wand of digging (4)
 k - a wand of clouds (4)
 p - a wand of polymorph (7)
Scrolls
 e - 5 scrolls of teleportation
 l - 2 scrolls of fear
 n - 2 scrolls of amnesia
 q - a scroll of remove curse
Potions
 m - a potion of resistance
 r - a potion of lignification {unknown}
Comestibles
 c - 6 rations


   Skills:
 + Level 4.4 Fighting
   Level 0.9 Short Blades
 + Level 4.8 Axes
 - Level 2.0 Armour
 - Level 1.0 Dodging
 + Level 2.7 Stealth
 * Level 0.2 Shields
 + Level 0.6 Evocations


You had 5 spell levels left.
You didn't know any spells.
Your spell library was empty.

Dungeon Overview and Level Annotations

Branches:
Dungeon (4/15)
 Temple: D:4-7

Altars:
Xom


Innate Abilities, Weirdness & Mutations

Your skin changes colour to match your surroundings (Stealth+).
Your flesh is cold resistant. (rC+)
Potions are less effective at restoring your health.
You expend magic power (3 MP) to strengthen your wands.


Message History

You feel sick. The worker ant barely misses you. Something hits you.
The worker ant bites you.
You are lethally poisoned!
The worker ant poisons you! Something hits you but does no damage.
You barely miss the worker ant.
The worker ant is moderately wounded.
You hit something but do no damage.
* * * LOW HITPOINT WARNING * * *
You feel sick.
The worker ant bites you but does no damage.
The worker ant bites you!
* * * LOW HITPOINT WARNING * * *
Something completely misses you.
Your system partially rejects the healing.
You feel better.
Reactivating autopickup.
You feel a bit more experienced. The worker ant bites you!
* * * LOW HITPOINT WARNING * * *
The worker ant bites you.
You die...

##### #.# #...# #5#
######...# #.# #........#
#.# .........# #.#
.........# #.# .....÷...#
#.#
.........###############.#
.............§§a@§§§.....#
........##################
........# .######## .# ##


You could see a worker ant (berserk, agile).

Vanquished Creatures
  An orc priest (D:3)
  3 orc wizards (D:3)
  5 adders
  An ooze (D:2)
  3 dart slugs
  4 worms
  2 leopard geckos
  5 orcs (D:3)
  2 ball pythons (D:2)
  2 giant cockroaches
  3 hobgoblins
  6 jackals
  8 kobolds
  4 quokkas
  7 bats
  3 frilled lizards
  5 goblins
  8 rats
72 creatures vanquished.

Vanquished Creatures (collateral kills)
  An orc wizard (D:3)
1 creature vanquished.

Grand Total: 73 creatures vanquished

Notes
Turn   | Place    | Note
-------+----------+-------------------------------------------
     0 | D:1      | grindst0ne the Human Chaos Knight began the quest for the
                  | Orb.
     0 | D:1      | Reached XP level 1. HP: 18/18 MP: 1/1
   102 | D:1      | XOM: smoke on damage
   214 | D:1      | XOM: 1-stop teleportation journey
   300 | D:1      | Reached XP level 2. HP: 23/24 MP: 2/2
   483 | D:1      | XOM: god gift: 24 bolts
   703 | D:1      | XOM: 6-stop teleportation journey
  1005 | D:1      | XOM: give mutations
  1005 | D:1      | Gained mutation: Your skin changes colour to match your
                  | surroundings (Stealth+). [Xom's grace]
  1005 | D:1      | Gained mutation: You are somewhat resistant to further
                  | mutation. [Xom's grace]
  1005 | D:1      | Gained mutation: You expend magic power (3 MP) to
                  | strengthen your wands. [Xom's grace]
  1005 | D:1      | Gained mutation: Your flesh is cold resistant. (rC+) [Xom's
                  | grace]
  1060 | D:2      | XOM: god gift: wand of random effects (20)
  1090 | D:2      | Reached XP level 3. HP: 29/29 MP: 3/3
  1119 | D:2      | XOM: fog
  1167 | D:2      | XOM: god gift: wand of digging (4)
  1233 | D:2      | XOM: scenery: 1 doors open
  1350 | D:2      | XOM: smoke on damage
  1782 | D:2      | XOM: give mutations
  1782 | D:2      | Gained mutation: You have a pair of small horns on your
                  | head. [Xom's mischief]
  1782 | D:2      | Gained mutation: Potions are less effective at restoring
                  | your health. [Xom's mischief]
  1782 | D:2      | Lost mutation: You are somewhat resistant to further
                  | mutation. [Xom's mischief]
  1910 | D:2      | Reached XP level 4. HP: 37/37 MP: 4/4
  2352 | D:2      | Reached skill level 1 in Stealth
  2572 | D:2      | XOM: god gift: 23 arrows
  2668 | D:3      | XOM: noise
  2680 | D:3      | XOM: polymorph orc -> jackal
  2697 | D:3      | XOM: potion effect (brilliance)
  2867 | D:3      | XOM: cast spell 'Shadow Creatures'
  2870 | D:3      | Reached XP level 5. HP: 29/42 MP: 5/5
  2944 | D:3      | XOM: scenery: 1 doors close
  2968 | D:3      | Reached XP level 6. HP: 12/48 MP: 6/6
  3246 | D:3      | XOM: god gift: 6 atropa-tipped darts
  3338 | D:3      | XOM: give mutation
  3338 | D:3      | Lost mutation: You have a pair of small horns on your head.
                  | [Xom's mischief]
  3519 | D:3      | XOM: summons 4 hostile demons
  4188 | D:3      | XOM: summons 1 hostile shadow creature
  4254 | D:3      | XOM: summons 1 hostile shadow creature
  4285 | D:4      | XOM: silly message
  4446 | D:4      | XOM: scenery: create altars
  4451 | D:4      | XOM: 7-stop teleportation journey
  4647 | D:3      | XOM: stat loss: -1 Str (14/15)
  4703 | D:3      | XOM: smoke on damage
  4707 | D:3      | Slain by a worker ant

Illustrated notes

Levels and vault maps discovered:
D:1:      psy_arrival_radial02, layout_basic
D:2:      layout_basic, columned_hall_lemuel, hangedman_decor_push
D:3:      layout_basic, serial_bayou, serial_bayou_shore_b, serial_bayou_ford_a,
          serial_bayou_pond_d, serial_bayou_pond_c
D:4:      layout_cave_pools, first_ration, uniq_crazy_yiuf_cottage

Skill      XL: |  1  2  3  4  5 |
---------------+----------------+-----
Stealth        | 1 2 |  2.7
Fighting       | 4 |  4.4
Axes           | 4 |  4.8
Short Blades   | |  0.9
Armour         | |  2.0
Dodging        | |  1.0
Shields        | |  0.2
Evocations     | |  0.6

Action                   |  1- 3 |  4- 6 || total
-------------------------+-------+-------++-------
Melee: Hand axe          |    48 |   152 ||   200
       Dagger            |   117 |    23 ||   140
       Headbutt          |     3 |    14 ||    17
Evoke: Wand              |     3 |       ||     3
  Use: Scroll            |     4 |     5 ||     9
       Potion            |       |     1 ||     1
 Stab: Paralysed         |     5 |     3 ||     8
       Sleeping          |       |     5 ||     5
  Eat: Chunk             |     3 |     9 ||    12
Armor: Leather armour    |    59 |    69 ||   128
Dodge: Dodged            |    86 |   116 ||   202
